 Dungeon Crawl Stone Soup version 0.30.1-11-g7821555f0a (webtiles) character file.

Game seed: 363191588361330174

119 fireball365 the Trooper (level 5, -1/47 HPs)
             Began as a Hill Orc Fighter on Nov 18, 2023.
             Slain by an orc priest
             ... wielding a +0 flail
              (4 damage)
             ... on level 4 of the Dungeon.
             The game lasted 00:03:22 (2543 turns).

fireball365 the Trooper (Hill Orc Fighter)          Turns: 2543, Time: 00:03:22

Health: -1/47      AC:  7    Str: 21    XL:     5   Next: 3%
Magic:  5/5        EV:  9    Int:  8    God:
Gold:   122        SH:  0    Dex: 10    Spells: 4/4 levels left

rFire   . . .        a - +0 war axe
rCold   . . .        c - +0 buckler
rNeg    . . .        b - +0 scale mail
rPois   .            (no helmet)
rElec   .            (no cloak)
rCorr   .            (no gloves)
SInv    .            (no boots)
Will    .....        (no amulet) Stlth
                     (no ring)
HPRegen 0.27/turn    (no ring)
MPRegen 0.09/turn

%: no passive effects
@: confused, mighty
A: no striking features
a: Convert to Beogh


You were on level 4 of the Dungeon.
You visited 1 branch of the dungeon, and saw 4 of its levels.

You collected 164 gold pieces.
You spent 42 gold pieces at shops.

Inventory:

Hand Weapons
 a - a +0 war axe (weapon)
Armour
 b - a +0 scale mail (worn)
 c - a +0 buckler (worn)
Wands
 m - a wand of light (10)
Scrolls
 e - a scroll of enchant armour {unknown}
 g - 3 scrolls of identify
 l - a scroll of blinking {unknown}
 n - a scroll of fear {unknown}
 o - a scroll of torment {unknown}
Potions
 d - 2 potions of might
 f - a potion of attraction {unknown}
 h - 2 potions of ambrosia {unknown}
 i - a potion of cancellation {unknown}
 j - 3 potions of brilliance
 k - a potion of mutation {unknown}


   Skills:
 + Level 4.4 Fighting
 + Level 4.2 Axes
 + Level 4.1 Armour
 + Level 0.6 Dodging
 + Level 3.9 Shields


You had 4 spell levels left.
You didn't know any spells.
Your spell library contained the following spells:

 Spells                   Type           Power      Damage    Failure   Level
 Animate Dead             Necr           0%         N/A       100%        4
 Haunt                    Necr/Summ      0%         N/A       100%        7
 Infestation              Necr           0%         N/A       100%        8


Dungeon Overview and Level Annotations

Branches:
Dungeon (4/15)
 Temple: D:4-7

Altars:

Shops:
D:2 !*[[[


Message History

The orc priest hits you with a +0 flail!
The orc hits you but does no damage. Something hits you but does no damage.
You bump into the rock wall.
The orc closely misses you. The orc priest barely misses you.
You hear some strange, mumbled words.
You are more confused.
The orc priest shouts, "Join the one true god or die!"
You completely miss the orc priest. You slash the orc!
You kill the orc!
You barely miss something.
You hear some strange, mumbled words.
A magic dart appears from out of thin air!
The magic dart hits you. Something hits you but does no damage.
The orc priest closely misses you.
You're too confused to move!
The orc hits you but does no damage.
The orc priest shouts, "Beogh is our master!
Accept the truth or die!"
The orc priest hits you with a +0 flail.
Something hits you.
You bump into the rock wall.
The orc closely misses you.
The orc priest hits you with a +0 flail.
* * * LOW HITPOINT WARNING * * *
Something hits you.
* * * LOW HITPOINT WARNING * * *
You bump into the rock wall.
The orc hits you with a +0 hand axe.
* * * LOW HITPOINT WARNING * * *
The orc priest looks satisfied for a moment.
Something hits you.
* * * LOW HITPOINT WARNING * * *
You miss the orc priest. You miss something. You miss the orc.
The orc hits you with a +0 hand axe.
* * * LOW HITPOINT WARNING * * *
The orc priest closely misses you.
You hear some strange, mumbled words.
A puff of flame appears from out of thin air!
The puff of flame hits you.
* * * LOW HITPOINT WARNING * * *
You feel very mighty all of a sudden. The orc barely misses you.
The orc priest hits you with a +0 flail.
You die...

##.....## #.......#
#.......#
#....!..### #
##........#### ..
#............##.##
#......{o###.......
#......o@....###...
##.....##..........
##...# #....#...# .
#### #....###...>
########...........
#.........###.......
#........## .......
#........# ######.
#........#


You could see an orc priest and an orc.

Vanquished Creatures
  An orc wizard (D:3)
  Robin (D:3)
  2 adders
  6 orcs
  3 ball pythons
  An endoplasm (D:3)
  A giant cockroach (D:2)
  8 hobgoblins
  7 jackals (D:2)
  A quokka (D:2)
  A bat (D:2)
  A frilled lizard (D:2)
  14 goblins
  3 kobolds
  4 rats (D:3)
54 creatures vanquished.

Notes
Turn   | Place    | Note
-------+----------+-------------------------------------------
     0 | D:1      | fireball365 the Hill Orc Fighter began the quest for the
                  | Orb.
     0 | D:1      | Reached XP level 1. HP: 19/19 MP: 1/1
   739 | D:2      | Reached XP level 2. HP: 26/27 MP: 2/2
   744 | D:2      | Found Piydij's Distillery.
   784 | D:2      | Bought a potion of curing for 42 gold pieces
  1079 | D:2      | Found Tiojeun's Assorted Antiques.
  1132 | D:2      | Reached XP level 3. HP: 33/33 MP: 3/3
  1325 | D:2      | Found a faded altar of an unknown god.
  1357 | D:2      | Found Baofesaer's Antique Armour Emporium.
  1474 | D:2      | Found Puxt's Antique Armour Shop.
  1502 | D:2      | Found Beppir Xoexu's Antique Armour Shop.
  1681 | D:3      | Reached XP level 4. HP: 11/40 MP: 4/4
  2399 | D:3      | Noticed Robin
  2406 | D:3      | Killed Robin
  2534 | D:4      | Reached XP level 5. HP: 40/47 MP: 5/5
  2543 | D:4      | Slain by an orc priest

Illustrated notes

Levels and vault maps discovered:
D:1:      lemuel_arrival_rhombus, layout_basic, fountainhead,
          grunt_decor_mini_mirrors, chequers_arboretum
D:2:      layout_loops_corners, serial_shops, shop,
          nicolae_shop_tiny_waterfront, shop, nicolae_shop_dealshenge, shop,
          basic_ecumenical_altar
D:3:      layout_basic, uniq_robin
D:4:      minmay_chambers_of_twos, layout_rooms,
          minmay_temple_entry_drinking_statues, uniq_edmund

Skill      XL: |  1  2  3  4 |
---------------+-------------+-----
Fighting       | 4 |  4.4
Axes           | 3 4 |  4.2
Armour         | 4 |  4.1
Dodging        | |  0.6
Shields        | |  3.9

Action                     |  1- 3 |  4- 6 || total
---------------------------+-------+-------++-------
  Melee: War axe           |    99 |    50 ||   149
    Use: Potion            |     2 |     1 ||     3
         Scroll            |       |     1 ||     1
 Armour: Scale mail        |    68 |    28 ||    96
  Dodge: Dodged            |    57 |    49 ||   106
  Block: Buckler           |    26 |    19 ||    45
